 Dungeon Crawl Stone Soup version 0.21.1-1-g345015f (webtiles) character file.

2 Iko the Stinger (level 1, 0/11 HPs)
             Began as an Octopode Venom Mage on May 25, 2018.
             Slain by an adder (4 damage)
             ... on level 2 of the Dungeon.
             The game lasted 00:01:59 (314 turns).

Iko the Stinger (Octopode Venom Mage)                Turns: 314, Time: 00:01:59

Health: 0/11       AC:  1    Str:  4 (7)  XL:     1   Next: 40%
Magic:  1/3        EV: 13    Int: 16 (19) God:
Gold:   28         SH:  0    Dex:  9 (12) Spells: 3/4 levels left

rFire    . . .     SeeInvis .   c - +0 club
rCold    . . .     Gourm    .   (no shield)
rNeg     . . .     Faith    .   (helmet restricted)
rPois    .         Spirit   .   (no amulet)
rElec    .         Reflect  .   (no ring)
rCorr    .         Harm     .   (no ring)
MR       .....                  (no ring)
Stlth    +++.......             (no ring)
HPRegen  0.03/turn              (no ring)
MPRegen  0.08/turn              (no ring)
                                (no ring)
                                (no ring)

@: no status effects
A: almost no armour, stealthy swim, amphibious, 8 rings, constrict 8, camouflage
1, blink, clever 1, gelatinous body 1, subdued magic 1
a: Blink


You were on level 2 of the Dungeon.
You were not hungry.

You visited 1 branch of the dungeon, and saw 2 of its levels.

You collected 28 gold pieces.

Inventory:

Hand Weapons
 c - a +0 club (weapon)
Books
 a - a Young Poisoner's Handbook

   Spells                             Type                      Level
   a - Sting                          Conjuration/Poison           1
   b - Poisonous Vapours              Poison/Air                   2
   c - Mephitic Cloud                 Conjuration/Poison/Air       3
   d - Olgreb's Toxic Radiance        Poison                       4
   e - Venom Bolt                     Conjuration/Poison           5
Comestibles
 b - a ration


   Skills:
 + Level 2.0 Dodging
 + Level 2.6 Stealth
 + Level 2.0 Spellcasting
 + Level 1.0 Conjurations
 + Level 3.9 Poison Magic


You had 3 spell levels left.
You knew the following spells:

 Your Spells              Type           Power        Failure   Level  Hunger
a - Sting                 Conj/Pois      #...         6%          1    #......


Dungeon Overview and Level Annotations

Branches:
Dungeon (2/15)

Altars:


Innate Abilities, Weirdness & Mutations

You cannot wear most types of armour.
You are very stealthy in the water. (Stealth+)
You are amphibious.
You can wear up to eight rings at the same time.
You can use your tentacles to constrict eight enemies at once.
Your skin changes colour to match your surroundings (Stealth+).
Your rubbery body absorbs attacks. (AC +1, EV +1)
You can translocate small distances at will.
Your mind is acute. (Int +2)
Your spells are a little easier to cast, but a little less powerful.


Message History

The adder hisses angrily.
Casting: Sting
Confirm with . or Enter, or press ? or * to list all spells.
Aiming: Sting
Press: ? - help, Shift-Dir - straight line, f/p - adder
Aim: an adder The sting hits the adder.
The adder is poisoned.
The adder is lightly wounded.
The adder closely misses you.
You closely miss the adder. Your grab misses the adder.
The adder is moderately wounded.
The frilled lizard hisses angrily.
The adder bites you. x2
You barely miss the adder. Your grab misses the adder.
The adder is heavily wounded.
The adder completely misses you. The frilled lizard closely misses you.
You miss the adder. Your grab misses the adder.
The adder is severely wounded.
The adder misses you. The adder bites you.
You die...

#...# #.### #...# #.#
#...# #(# #...#####
##(###### ...#...#
#........ #.##.#.#
#.†......
#.##.#.###........
##.##....#............
#...S@#######.........
#....?..l..#............
.....####..#..##........
..... ..#............
#.## ....##........ .
.###. ##.###### # # #.#
#..


You could see an adder and a frilled lizard.

Vanquished Creatures
  2 kobolds (D:2)
2 creatures vanquished.

Notes
Turn   | Place    | Note
-------+----------+-------------------------------------------
     0 | D:1      | Iko the Octopode Venom Mage began the quest for the Orb.
     0 | D:1      | Reached XP level 1. HP: 11/11 MP: 3/3
   116 | D:2      | Gained mutation: Your spells are a little easier to cast, but a little less powerful. [potion of mutation]
   116 | D:2      | Gained mutation: Your mind is acute. (Int +2) [potion of mutation]
   116 | D:2      | Gained mutation: You can translocate small distances at will. [potion of mutation]
   314 | D:2      | Slain by an adder

Action                   || total
-------------------------++-------
Melee: Club              ||     6
       Constrict         ||     1
       Tentacles         ||     1
 Cast: Sting             ||     5
  Use: Potion            ||     3
Armor: Skin              ||     1
Dodge: Dodged            ||     9
